 Dungeon Crawl Stone Soup version 0.29.0-4-gdea44cf6ec (webtiles) character file.

Game seed: 7204585667924767661

9 qw the Sneak (level 2, 0/19 HPs)
             Began as a Gargoyle Delver on Sept 10, 2022.
             Slain by a black bear (6 damage)
             ... on level 5 of the Dungeon.
             The game lasted 00:00:01 (93 turns).

qw the Sneak (Gargoyle Delver)                        Turns: 93, Time: 00:00:02

Health: 0/19       AC:  5    Str: 15    XL:     2   Next: 12%
Magic:  2/2        EV: 11    Int: 10    God:
Gold:   0          SH:  0    Dex: 11    Spells: 1/1 levels left

rFire   . . .      SeeInvis .   a - +0 hand axe
rCold   . . .      Faith    .   (no shield)
rNeg    + . .      Spirit   .   b - +0 leather armour
rPois   inf        Reflect  .   (no helmet)
rElec   +          Harm     .   (no cloak)
rCorr   .          Rampage  .   (no gloves)
Will    .....                   (no boots)
Stlth   +++.......              (no amulet)
HPRegen 0.06/turn               (no ring)
MPRegen 0.08/turn               (no ring)

@: no status effects
A: sickness immunity, AC +2, negative energy resistance 1, electricity
resistance, torment resistance 1, petrification resistance
a: no special abilities


You were on level 5 of the Dungeon.
You visited 1 branch of the dungeon, and saw 1 of its levels.


Innate Abilities, Weirdness & Mutations

You are immune to sickness and miasma.
Your stone body is resilient. (AC +2)
You are immune to poison.
You resist negative energy. (rN+)
You are resistant to electric shocks. (rElec)
You are resistant to unholy torment.
You are immune to petrification.


   Skills:
 - Level 3.2 Fighting
 + Level 2.5 Axes
 - Level 1.5 Dodging
 - Level 5.4 Stealth


You had one spell level left.
You didn't know any spells.
Your spell library was empty.

Inventory:

Hand Weapons
 a - a +0 hand axe (weapon)
Armour
 b - a +0 leather armour (worn)
Wands
 g - a wand of digging (3)
Scrolls
 c - a scroll of fog
 d - a scroll of magic mapping
 e - a scroll of fear
 h - a scroll of vulnerability {unknown}
Potions
 f - a potion of haste

Dungeon Overview and Level Annotations

Branches:
Dungeon (5/15)
 Temple: D:4-7

Altars:
Zin


Message History

An adder comes into view.
83 ||| Stepping ~*~*~tactically~*~*~ (stealth).
A hound comes into view.
The hound moves out of view.
85 ||| Stepping ~*~*~tactically~*~*~ (stealth).
You barely miss the adder.
The adder bites you but does no damage. x2
You miss the adder. The adder closely misses you.
You hit the black bear.
The black bear is lightly wounded.
You hit the adder. The adder bites you but does no damage.
The black bear bites you but does no damage.
The black bear claws you but does no damage.
The black bear claws you. The adder closely misses you.
You barely miss the adder.
The adder is moderately wounded.
You hit the black bear. The adder barely misses you.
The black bear closely misses you.
The black bear claws you but does no damage. x2
The adder bites you but does no damage.
You hit the adder.
The adder is severely wounded.
You hit the black bear but do no damage.
The black bear barely misses you.
The black bear claws you but does no damage.
The black bear closely misses you. The adder barely misses you.
The black bear bites you.
The black bear claws you but does no damage.
The black bear closely misses you.
You slash the adder!
You kill the adder!
You hit the black bear but do no damage.
The black bear misses you. x2; The black bear claws you.
Your Axes skill increases to level 2!
You have reached level 2!
You hit the black bear.
The black bear is moderately wounded.
The black bear bites you.
You die...

+... .# #... .# ##.. .#
##. ##.## ## #...# #
#.).# ##h..## #@....# #
##.#h#.# #####
###..#.#..# ......
####...##h##...#########
#.#####....### ..
#....###### #.......####
#O ####.......
#######....###
..###....#####.
####...##.##...#### ##
###..# #..### #


You could see a black bear and a hound (wandering).

Vanquished Creatures
  An adder (D:5)
1 creature vanquished.

Notes
Turn   | Place    | Note
-------+----------+-------------------------------------------
     0 | D:5      | qw the Gargoyle Delver began the quest for the Orb.
     0 | D:5      | Reached XP level 1. HP: 14/14 MP: 1/1
     0 | D:5      | 0 ||| qw: Version: 0.1-a-116-g5d60599
     0 | D:5      | 0 ||| qw: Game counter: 7867
     0 | D:5      | 0 ||| qw: Always use a shield: true
     0 | D:5      | 0 ||| qw: God list: Okawaru
     0 | D:5      | 0 ||| qw: Allow faded altars: false
     0 | D:5      | 0 ||| qw: Do Orc after D:15 true
     0 | D:5      | 0 ||| qw: Do second Lair branch before Depths: true
     0 | D:5      | 0 ||| qw: Lair rune preference: random
     0 | D:5      | 0 ||| qw: Plans: Normal
     0 | D:5      | 0 ||| PLANNING D:1-11
    16 | D:5      | Found a glowing silver altar of Zin.
    80 | D:5      | Noticed an ogre
    80 | D:5      | Noticed a black bear
    83 | D:5      | 83 ||| Stepping ~*~*~tactically~*~*~ (stealth).
    84 | D:5      | Noticed a hound
    85 | D:5      | 85 ||| Stepping ~*~*~tactically~*~*~ (stealth).
    93 | D:5      | Reached XP level 2. HP: 6/19 MP: 2/2
    93 | D:5      | Slain by a black bear

Levels and vault maps discovered:
D:5:      minmay_general_purpose_star, layout_loops_corners, zin_treasury,
          minmay_temple_entry_mini_moons, fountainhead,
          kennysheep_opposing_triangles

Skill      XL: |  1 |
---------------+----+-----
Axes           | 2 |  2.5
Fighting       | |  3.2
Dodging        | |  1.5
Stealth        | |  5.4

Action                   || total
-------------------------++-------
Melee: Hand axe          ||     7
Armor: Leather armour    ||    10
Dodge: Dodged            ||    10

Table legend:
 A = Non-vault XP
 B = Vault XP
 C = Vault XP percentage of total XP
 D = Non-vault monster count
 E = Vault monster count
 F = Vault count percentage of total count
                 A         B        C        D         E       F
            +---------+---------+-------+---------+---------+-------
      Total |       0 |      13 | 100.0 |       0 |       1 | 100.0
            +---------+---------+-------+---------+---------+-------
        D:5 |       0 |      13 | 100.0 |       0 |       1 | 100.0
            +---------+---------+-------+---------+---------+-------
